General information
- name: BNet
- type: Ladder team game (AT/RT)
- host: Battle.net
- saver: HumanKingTomVIP
map: FullScaleAssault
- players: 8
- length: 26:16
- speed: Fast
- version: 1.26 W3XP
- replay type: Public
» download(201 KB)
Players
team 1 (winner)
PracticePerfect (
teal | 113 APM | 2956 actions | 26:16)
6 Death Knight
3 Death Coil
3 Unholy Aura
4 Lich
2 Frost Nova
2 Frost Armor
3 Dreadlord
2 Carrion Swarm
1 Sleep
» actions
| Assign group hotkey | 52 | |
| Basic commands | 282 | |
| Build / train | 89 | |
| Enter build submenu | 21 | |
| Enter hero's abilities submenu | 13 | |
| Give item / drop item | 10 | |
| Right click | 935 | |
| Select / deselect | 476 | |
| Select group hotkey | 972 | |
| Use ability | 106 | |
2956 total
» units
| Acolyte | 8 | |
| Ghoul | 1 | |
| Crypt Fiend | 5 | |
| Goblin Shredder | 4 | |
| Goblin Zeppelin | 1 | |
| Frost Wyrm | 3 | |
| Gargoyle | 16 | |
| Obsidian Statue | 1 | |
39 total
» upgrades
| Creature Attack | 3 | |
| Creature Carapace | 3 | |
| Freezing Breath | 1 | |
| Destroyer Form | 1 | |
| Stone Form | 1 | |
9 total
» buildings
| Graveyard | 1 | |
| Crypt | 3 | |
| Altar of Darkness | 1 | |
| Ziggurat | 8 | |
| Tomb of Relics | 1 | |
| Nerubian Tower | 2 | |
| Necropolis | 1 | |
| Halls of the Dead | 1 | |
| Black Citadel | 2 | |
| Sacrificial Pit | 1 | |
| Slaughterhouse | 1 | |
| Boneyard | 2 | |
24 total
» build order
00:07 Graveyard
00:13 Crypt
00:44 Altar of Darkness
00:57 Ziggurat
01:34 Tomb of Relics
02:03 Ziggurat
02:32 Nerubian Tower
02:32 Nerubian Tower
03:52 Ziggurat
05:37 Necropolis
06:21 Halls of the Dead
09:12 Black Citadel
09:17 Sacrificial Pit
09:18 Slaughterhouse
11:20 Crypt
11:36 Boneyard
11:39 Boneyard
12:31 Ziggurat
12:32 Ziggurat
12:33 Ziggurat
16:09 Ziggurat
16:10 Ziggurat
22:27 Crypt
» items
| Rod of Necromancy | 2 | |
| Orb of Corruption | 2 | |
| Scroll of Town Portal | 4 | |
| Scroll of Healing | 5 | |
| Scroll of Protection | 4 | |
| Potion of Lesser Invulnerability | 1 | |
18 total

»
galan (
orange | 40 APM | 1056 actions | 26:16)
3 Far Seer
2 Feral Spirit
1 Chain Lighting
1 Shadow Hunter
1 Healing Wave
» actions
| Assign group hotkey | 32 | |
| Basic commands | 2 | |
| Build / train | 66 | |
| Enter build submenu | 19 | |
| Enter hero's abilities submenu | 4 | |
| Right click | 331 | |
| Select / deselect | 271 | |
| Select group hotkey | 275 | |
| Use ability | 56 | |
1056 total
» units
| Peon | 19 | |
| Grunt | 3 | |
| Troll Witch Doctor | 10 | |
| Tauren | 4 | |
| Wind Rider | 1 | |
37 total
» upgrades
| Armor | 3 | |
| Witch Doctor Training | 2 | |
| Pulverize | 1 | |
| Melee Weapons | 3 | |
| Reinforced Defenses | 1 | |
| Spiked Barricades | 2 | |
| Ranged Weapons | 1 | |
13 total
» buildings
| Orc Burrow | 6 | |
| Barracks | 1 | |
| Altar of Storms | 1 | |
| Stronghold | 1 | |
| Great Hall | 1 | |
| War Mill | 1 | |
| Fortress | 1 | |
| Spirit Lodge | 1 | |
| Tauren Totem | 3 | |
| Watch Tower | 13 | |
| Beastiary | 2 | |
31 total
» build order
00:21 Orc Burrow
00:51 Barracks
01:23 Altar of Storms
01:36 Orc Burrow
02:38 Orc Burrow
03:53 Stronghold
04:22 Great Hall
04:51 War Mill
05:52 Orc Burrow
06:02 Orc Burrow
06:18 Fortress
06:26 Spirit Lodge
07:44 Orc Burrow
09:09 Tauren Totem
09:24 Tauren Totem
09:25 Tauren Totem
14:33 Watch Tower
14:35 Watch Tower
14:38 Watch Tower
14:40 Watch Tower
14:42 Watch Tower
14:43 Watch Tower
20:30 Watch Tower
20:31 Watch Tower
20:35 Watch Tower
20:37 Watch Tower
20:43 Watch Tower
24:21 Beastiary
24:28 Beastiary
26:11 Watch Tower
26:14 Watch Tower
» items
| Potion of Healing | 3 | |
| Orb of Lightning | 2 | |
| Scroll of Town Portal | 1 | |
6 total
IRRITATION (
pink | 64 APM | 1670 actions | 26:16)
6 Blademaster
3 Wind Walk
2 Critical Strike
1 Bladestorm
» actions
| Assign group hotkey | 199 | |
| Basic commands | 201 | |
| Build / train | 91 | |
| Enter build submenu | 21 | |
| Enter hero's abilities submenu | 6 | |
| Give item / drop item | 6 | |
| Right click | 472 | |
| Select / deselect | 139 | |
| Select group hotkey | 328 | |
| Use ability | 207 | |
1670 total
» units
» upgrades
| Spiked Barricades | 2 | |
| Reinforced Defenses | 1 | |
3 total
» buildings
| Altar of Storms | 1 | |
| Orc Burrow | 3 | |
| Voodoo Lounge | 4 | |
| Stronghold | 1 | |
| War Mill | 1 | |
| Watch Tower | 10 | |
| Fortress | 1 | |
| Beastiary | 2 | |
23 total
» build order
00:07 Altar of Storms
00:12 Orc Burrow
00:42 Voodoo Lounge
02:08 Stronghold
02:45 War Mill
03:31 Voodoo Lounge
04:42 Watch Tower
04:43 Watch Tower
04:54 Fortress
05:39 Watch Tower
05:42 Watch Tower
07:01 Watch Tower
07:03 Watch Tower
08:05 Watch Tower
08:45 Voodoo Lounge
09:11 Watch Tower
09:52 Voodoo Lounge
10:33 Watch Tower
10:59 Beastiary
11:04 Beastiary
11:44 Watch Tower
13:11 Orc Burrow
16:36 Orc Burrow
» items
| Healing Salve | 3 | |
| Lesser Clarity Potion | 9 | |
| Scroll of Speed | 1 | |
| Boots of Speed | 1 | |
| Circlet of Nobility | 1 | |
| Staff of Teleportation | 1 | |
| Potion of Healing | 9 | |
| Potion of Mana | 11 | |
| Potion of Lesser Invulnerability | 2 | |
| Orb of Lightning | 1 | |
| Tiny Great Hall | 1 | |
| Scroll of Town Portal | 6 | |
| Scroll of Healing | 1 | |
47 total
HumanKingTomVIP (
red | 70 APM | 1834 actions | 26:16)
7 Pandaren Brewmaster
3 Breath of Fire
3 Drunken Brawler
1 Storm Earth and Fire
» actions
| Assign group hotkey | 41 | |
| Basic commands | 13 | |
| Build / train | 109 | |
| ESC pressed | 4 | |
| Enter build submenu | 55 | |
| Enter hero's abilities submenu | 7 | |
| Give item / drop item | 3 | |
| Right click | 827 | |
| Select / deselect | 238 | |
| Select group hotkey | 311 | |
| Use ability | 226 | |
1834 total
» units
| Peasant | 30 | |
| Goblin Shredder | 2 | |
| Goblin Zeppelin | 2 | |
| Goblin Sapper | 2 | |
36 total
» upgrades
| Masonry | 3 | |
| Magic Sentry | 1 | |
| Sorceress Training | 1 | |
5 total
» buildings
| Altar of Kings | 1 | |
| Farm | 9 | |
| Lumber Mill | 2 | |
| Scout Tower | 104 | |
| Town Hall | 1 | |
| Arcane Tower | 7 | |
| Guard Tower | 31 | |
| Keep | 1 | |
| Arcane Sanctum | 1 | |
| Arcane Vault | 1 | |
| Castle | 2 | |
| Blacksmith | 1 | |
| Workshop | 4 | |
165 total
» build order
00:20 Altar of Kings
00:29 Farm
00:54 Farm
01:16 Farm
01:51 Lumber Mill
01:57 Farm
03:08 Scout Tower
03:49 Town Hall
03:51 Scout Tower
03:55 Scout Tower
04:25 Arcane Tower
04:27 Guard Tower
04:52 Arcane Tower
04:52 Arcane Tower
05:18 Scout Tower
05:18 Scout Tower
05:18 Scout Tower
05:35 Keep
05:39 Farm
05:41 Farm
05:45 Farm
05:53 Arcane Tower
05:54 Guard Tower
05:54 Guard Tower
05:55 Guard Tower
06:16 Scout Tower
06:17 Scout Tower
06:17 Scout Tower
06:21 Scout Tower
06:21 Scout Tower
06:22 Scout Tower
06:22 Scout Tower
06:47 Guard Tower
06:48 Scout Tower
06:49 Scout Tower
06:49 Scout Tower
06:49 Scout Tower
06:52 Arcane Tower
06:54 Guard Tower
06:58 Scout Tower
06:58 Scout Tower
06:58 Scout Tower
06:59 Scout Tower
07:26 Guard Tower
07:30 Scout Tower
07:30 Scout Tower
07:30 Scout Tower
07:31 Scout Tower
07:31 Scout Tower
07:54 Guard Tower
07:57 Lumber Mill
08:04 Farm
09:11 Guard Tower
09:20 Scout Tower
09:20 Scout Tower
09:21 Scout Tower
09:49 Scout Tower
09:49 Scout Tower
09:49 Scout Tower
10:02 Arcane Sanctum
10:13 Guard Tower
10:13 Guard Tower
10:14 Scout Tower
10:15 Scout Tower
10:17 Scout Tower
10:17 Scout Tower
10:17 Scout Tower
10:24 Arcane Vault
10:52 Guard Tower
11:22 Guard Tower
11:24 Scout Tower
11:25 Scout Tower
11:25 Scout Tower
11:26 Scout Tower
12:01 Guard Tower
12:02 Castle
12:02 Castle
12:06 Scout Tower
12:06 Scout Tower
12:07 Scout Tower
12:08 Scout Tower
12:09 Scout Tower
12:09 Scout Tower
12:30 Guard Tower
12:32 Scout Tower
12:32 Scout Tower
12:32 Scout Tower
12:33 Scout Tower
12:38 Guard Tower
12:55 Scout Tower
12:55 Scout Tower
12:55 Scout Tower
12:56 Scout Tower
12:56 Scout Tower
13:38 Guard Tower
14:14 Guard Tower
14:15 Scout Tower
14:15 Scout Tower
14:16 Scout Tower
14:16 Scout Tower
14:16 Scout Tower
14:16 Scout Tower
14:17 Scout Tower
14:17 Scout Tower
14:18 Scout Tower
14:18 Scout Tower
14:18 Scout Tower
14:18 Scout Tower
15:09 Guard Tower
15:12 Guard Tower
15:28 Guard Tower
16:04 Scout Tower
16:04 Scout Tower
16:06 Scout Tower
16:06 Scout Tower
16:10 Guard Tower
17:20 Arcane Tower
17:37 Guard Tower
17:43 Scout Tower
17:43 Scout Tower
17:43 Scout Tower
17:44 Scout Tower
17:44 Scout Tower
17:45 Scout Tower
17:45 Scout Tower
17:45 Scout Tower
17:45 Scout Tower
17:46 Scout Tower
17:46 Scout Tower
17:46 Scout Tower
17:47 Scout Tower
17:47 Scout Tower
17:50 Guard Tower
17:52 Scout Tower
17:52 Scout Tower
17:53 Scout Tower
17:53 Scout Tower
17:54 Scout Tower
17:54 Scout Tower
17:54 Scout Tower
18:20 Farm
18:30 Guard Tower
18:53 Arcane Tower
18:58 Guard Tower
21:45 Guard Tower
21:45 Guard Tower
23:08 Blacksmith
23:49 Workshop
23:49 Workshop
23:51 Workshop
23:51 Workshop
» items
| Boots of Speed | 3 | |
| Staff of Teleportation | 1 | |
| Lesser Clarity Potion | 6 | |
| Healing Salve | 3 | |
| Scroll of Regeneration | 1 | |
| Potion of Mana | 1 | |
| Potion of Healing | 1 | |
| Staff of Sanctuary | 1 | |
| Potion of Lesser Invulnerability | 1 | |
| Orb of Lightning | 1 | |
19 total
team 2 (loser)

»
llCaoCaoll (
purple | 73 APM | 1870 actions | 25:43)
4 Keeper of the Grove
2 Force of Nature
2 Entangling Roots
4 Priestess of the Moon
1 Scout
2 Trueshot Aura
1 Searing Arrows
1 Dark Ranger
1 Black Arrow
» actions
| Assign group hotkey | 20 | |
| Basic commands | 106 | |
| Build / train | 98 | |
| ESC pressed | 7 | |
| Enter build submenu | 29 | |
| Enter hero's abilities submenu | 9 | |
| Give item / drop item | 1 | |
| Right click | 505 | |
| Select / deselect | 401 | |
| Select group hotkey | 609 | |
| Use ability | 85 | |
1870 total
» units
| Wisp | 22 | |
| Huntress | 3 | |
| Druid of the Talon | 3 | |
| Archer | 2 | |
| Hippogryph | 4 | |
| Chimaera | 8 | |
| Dryad | 4 | |
| Druid of the Claw | 1 | |
| Peasant | 20 | |
| Mortar Team | 3 | |
70 total
» upgrades
| Corrosive Breath | 2 | |
| Strength of the Wild | 2 | |
| Reinforced Hides | 1 | |
| Abolish Magic | 1 | |
| Druid of the Claw Training | 2 | |
8 total
» buildings
| Altar of Elders | 1 | |
| Moon Well | 9 | |
| Hunter's Hall | 1 | |
| Ancient of War | 1 | |
| Ancient of Wonders | 1 | |
| Tree of Ages | 1 | |
| Ancient of Wind | 1 | |
| Tree of Eternity | 1 | |
| Ancient of Lore | 1 | |
| Chimaera Roost | 2 | |
| Workshop | 6 | |
| Castle | 3 | |
| Farm | 1 | |
29 total
» build order
00:06 Altar of Elders
00:09 Moon Well
01:17 Hunter's Hall
01:33 Ancient of War
01:44 Ancient of Wonders
02:29 Moon Well
03:00 Tree of Ages
04:08 Moon Well
05:26 Ancient of Wind
05:56 Tree of Eternity
07:19 Ancient of Lore
07:28 Moon Well
08:43 Chimaera Roost
09:29 Chimaera Roost
10:23 Moon Well
10:29 Moon Well
10:35 Moon Well
11:50 Moon Well
13:15 Moon Well
17:46 Workshop
17:48 Workshop
17:52 Workshop
17:58 Workshop
18:03 Workshop
18:46 Castle
18:47 Castle
18:51 Workshop
19:28 Farm
» items
| Dust of Appearance | 1 | |
| Potion of Healing | 1 | |
| Scroll of Town Portal | 1 | |
3 total

»
ReiverXDemon (
blue | 34 APM | 874 actions | 25:48)
5 Blademaster
2 Mirror Image
1 Critical Strike
2 Wind Walk
» actions
| Assign group hotkey | 1 | |
| Build / train | 52 | |
| Enter build submenu | 17 | |
| Enter hero's abilities submenu | 5 | |
| Remove unit from queue | 6 | |
| Right click | 555 | |
| Select / deselect | 202 | |
| Select group hotkey | 3 | |
| Use ability | 32 | |
874 total
» units
| Peon | 11 | |
| Troll Headhunter/Berserker | 7 | |
| Wind Rider | 10 | |
| Troll Batrider | 3 | |
31 total
» upgrades
| Ranged Weapons | 2 | |
| Envenomed Spears | 1 | |
| Liquid Fire | 1 | |
4 total
» buildings
| War Mill | 1 | |
| Altar of Storms | 1 | |
| Orc Burrow | 8 | |
| Barracks | 1 | |
| Voodoo Lounge | 1 | |
| Stronghold | 1 | |
| Beastiary | 2 | |
| Great Hall | 1 | |
| Watch Tower | 2 | |
| Fortress | 1 | |
19 total
» build order
00:24 War Mill
00:52 Altar of Storms
01:07 Orc Burrow
01:35 Barracks
02:19 Orc Burrow
02:24 Voodoo Lounge
03:28 Orc Burrow
03:34 Orc Burrow
05:08 Orc Burrow
05:11 Stronghold
07:10 Orc Burrow
07:47 Beastiary
07:51 Beastiary
07:56 Great Hall
10:05 Watch Tower
10:09 Watch Tower
12:33 Orc Burrow
12:37 Orc Burrow
14:48 Fortress
» items
| Healing Salve | 1 | |
| Scroll of Town Portal | 2 | |
3 total
BeatD0wn (
green | 98 APM | 2581 actions | 26:15)
4 Archmage
2 Blizzard
2 Brilliance Aura
2 Mountain King
1 Storm Bolt
1 Bash
1 Paladin
1 Holy Light
» actions
| Assign group hotkey | 15 | |
| Basic commands | 24 | |
| Build / train | 137 | |
| ESC pressed | 4 | |
| Enter build submenu | 47 | |
| Enter hero's abilities submenu | 7 | |
| Give item / drop item | 5 | |
| Right click | 587 | |
| Select / deselect | 605 | |
| Select group hotkey | 965 | |
| Use ability | 185 | |
2581 total
» units
| Peasant | 47 | |
| Mortar Team | 3 | |
| Goblin Zeppelin | 2 | |
| Flying Machine | 1 | |
| Goblin Sapper | 2 | |
| Goblin Shredder | 2 | |
| Dragonhawk Rider | 3 | |
60 total
» upgrades
| Lumber Harvesting | 2 | |
| Masonry | 3 | |
| Magic Sentry | 1 | |
| Barrage | 1 | |
7 total
» buildings
| Farm | 12 | |
| Lumber Mill | 2 | |
| Altar of Kings | 1 | |
| Scout Tower | 18 | |
| Arcane Tower | 1 | |
| Arcane Vault | 1 | |
| Guard Tower | 12 | |
| Town Hall | 1 | |
| Keep | 1 | |
| Blacksmith | 1 | |
| Workshop | 5 | |
| Arcane Sanctum | 1 | |
| Castle | 2 | |
| Cannon Tower | 1 | |
| Gryphon Aviary | 2 | |
61 total
» build order
00:09 Farm
00:31 Farm
00:38 Lumber Mill
01:05 Altar of Kings
01:16 Scout Tower
01:43 Arcane Tower
01:46 Scout Tower
02:08 Arcane Vault
02:12 Guard Tower
02:49 Farm
02:52 Lumber Mill
03:30 Scout Tower
04:05 Town Hall
05:23 Guard Tower
05:24 Scout Tower
05:26 Scout Tower
05:55 Guard Tower
05:56 Guard Tower
06:19 Keep
06:50 Blacksmith
08:06 Scout Tower
08:07 Scout Tower
08:09 Scout Tower
08:10 Scout Tower
08:10 Scout Tower
08:28 Scout Tower
08:36 Guard Tower
08:59 Workshop
09:04 Workshop
09:05 Workshop
09:16 Guard Tower
09:30 Scout Tower
09:30 Scout Tower
09:34 Guard Tower
09:39 Arcane Sanctum
09:56 Guard Tower
10:57 Farm
11:20 Farm
12:05 Scout Tower
12:23 Guard Tower
12:43 Castle
12:43 Castle
13:01 Scout Tower
13:35 Guard Tower
14:04 Farm
14:31 Scout Tower
17:05 Workshop
17:43 Guard Tower
19:28 Guard Tower
22:40 Cannon Tower
22:43 Gryphon Aviary
22:44 Gryphon Aviary
24:43 Farm
24:48 Farm
24:49 Farm
24:53 Scout Tower
24:54 Scout Tower
25:18 Workshop
25:25 Farm
25:29 Farm
25:29 Farm
» items
| Scroll of Regeneration | 8 | |
| Mechanical Critter | 2 | |
| Periapt of Vitality | 6 | |
| Lesser Clarity Potion | 4 | |
| Staff of Teleportation | 3 | |
| Scroll of Town Portal | 5 | |
| Potion of Invisibility | 1 | |
| Potion of Healing | 7 | |
| Boots of Speed | 2 | |
| Dust of Appearance | 2 | |
| Orb of Fire | 2 | |
| Staff of Sanctuary | 1 | |
43 total
Velexeleven (
yellow | 37 APM | 497 actions | 13:27)
2 Dark Ranger
1 Black Arrow
1 Life Drain
» actions
| Basic commands | 1 | |
| Build / train | 48 | |
| Enter build submenu | 15 | |
| Enter hero's abilities submenu | 2 | |
| Remove unit from queue | 6 | |
| Right click | 248 | |
| Select / deselect | 156 | |
| Use ability | 21 | |
497 total
» units
» buildings
| Altar of Kings | 1 | |
| Barracks | 1 | |
| Farm | 8 | |
| Lumber Mill | 1 | |
| Arcane Vault | 1 | |
| Town Hall | 1 | |
| Blacksmith | 1 | |
| Keep | 1 | |
15 total
» build order
00:10 Altar of Kings
00:13 Barracks
00:23 Farm
01:12 Farm
01:31 Lumber Mill
02:27 Farm
03:42 Farm
06:57 Farm
07:01 Arcane Vault
09:04 Town Hall
09:15 Farm
09:24 Blacksmith
10:08 Farm
11:13 Keep
11:15 Farm
12:45 Keep
Chat log
(00:21 / Allies) PracticePerfect: lets expo
(00:24 / Allies) PracticePerfect: and stop their expos
(00:25 / Allies) HumanKingTomVIP: squelched
(00:55 / Allies) IRRITATION: ill take care of their expos
(01:00 / Allies) IRRITATION: u guys creep ur asses off
(01:01 / Allies) PracticePerfect: sure thing
(01:12 / Allies) PracticePerfect: counting on u to stop the Humans
(01:37 / Allies) IRRITATION: unless they spam arcanes
(01:40 / Allies) IRRITATION: they wont stop me
(01:43 / Allies) PracticePerfect: yeah
(08:40 / Allies) HumanKingTomVIP: u serious?
(10:01 / Allies) galan: pink get expo
(10:13 / Allies) IRRITATION: sec
(11:13 / Allies) galan: wood plz
(13:31 / All) IRRITATION: lol
(16:17 / Allies) galan: meeet
(17:58 / Allies) HumanKingTomVIP: dude how are u gonna afk
(18:01 / Allies) HumanKingTomVIP: with an all melee army
(18:03 / Allies) HumanKingTomVIP: when all they have is air
(18:17 / Allies) HumanKingTomVIP: bat his zeppelin
(19:15 / All) BeatD0wn: LO
(19:24 / Allies) HumanKingTomVIP: irritation can u make some bats bro
(19:41 / Allies) HumanKingTomVIP: u arent irritating shit
(19:44 / Allies) HumanKingTomVIP: with thiat weak ass bm
(19:48 / All) BeatD0wn: L:Ol
(19:53 / Allies) IRRITATION: lol
(21:48 / Allies) galan: follow me with aa
(22:19 / Allies) galan: bring aa
(22:27 / Allies) HumanKingTomVIP: noone has aaa
(22:31 / Allies) HumanKingTomVIP: irritation is going bm only
(22:38 / Allies) HumanKingTomVIP: and the other orc is computer(easy)(taurens only)
(23:09 / Allies) IRRITATION: fight in towers
(23:28 / Allies) galan: where the duck is ur units???
(23:29 / Allies) HumanKingTomVIP: shitty taurens rofl
(23:34 / Allies) HumanKingTomVIP: at least my towers can hit air
(23:37 / All) IRRITATION: so lucky
(23:39 / All) BeatD0wn: Lo
(24:39 / All) IRRITATION: lol
(24:48 / Allies) galan: red units????
(24:54 / Allies) HumanKingTomVIP: if you get aa
(24:55 / Allies) HumanKingTomVIP: ill get aa too
(24:58 / Allies) HumanKingTomVIP: if you get useless taurens
(25:01 / Allies) HumanKingTomVIP: ill jerk off into my own mouth
(25:04 / Allies) galan: ????
(25:04 / Allies) HumanKingTomVIP: deal?
(25:12 / All) IRRITATION: keke
(25:49 / All) HumanKingTomVIP: the ranks are thinning